General information
- name: BNet
- type: Ladder team game (AT/RT)
- host: Battle.net
- saver: PIESOFTHEEAST
map: Slalom
- players: 8
- length: 30:11
- speed: Fast
- version: 1.26 W3XP
- replay type: Public
» download(145 KB)
Players
team 1 (loser)

»
Bravekd (
orange | 30 APM | 788 actions | 26:42)
4 Paladin
2 Holy Light
2 Divine Shield
1 Archmage
1 Blizzard
» actions
| Assign group hotkey | 16 | |
| Basic commands | 79 | |
| Build / train | 50 | |
| ESC pressed | 2 | |
| Enter build submenu | 29 | |
| Enter hero's abilities submenu | 6 | |
| Remove unit from queue | 6 | |
| Right click | 163 | |
| Select / deselect | 255 | |
| Select group hotkey | 140 | |
| Use ability | 42 | |
788 total
» units
| Peasant | 9 | |
| Footman | 7 | |
| Wisp | 1 | |
| Archer | 1 | |
| Flying Machine | 1 | |
| Siege Engine | 3 | |
| Sorceress | 1 | |
| Chimaera | 1 | |
| Knight | 1 | |
25 total
» upgrades
| Lumber Harvesting | 1 | |
| Barrage | 1 | |
| Gunpowder | 1 | |
| Plating | 2 | |
5 total
» buildings
| Farm | 12 | |
| Altar of Kings | 1 | |
| Barracks | 1 | |
| Arcane Vault | 1 | |
| Scout Tower | 2 | |
| Moon Well | 1 | |
| Keep | 1 | |
| Lumber Mill | 1 | |
| Blacksmith | 1 | |
| Castle | 1 | |
| Guard Tower | 1 | |
| Arcane Sanctum | 1 | |
| Workshop | 3 | |
| Town Hall | 1 | |
28 total
» build order
00:13 Farm
00:26 Altar of Kings
00:54 Barracks
02:18 Farm
02:25 Arcane Vault
03:04 Farm
04:21 Scout Tower
04:47 Moon Well
05:08 Scout Tower
05:19 Keep
05:39 Lumber Mill
05:59 Blacksmith
07:54 Castle
07:57 Guard Tower
08:00 Arcane Sanctum
08:04 Workshop
08:07 Workshop
09:16 Workshop
11:08 Farm
11:15 Farm
13:02 Farm
13:49 Farm
15:52 Farm
17:39 Farm
18:37 Farm
19:30 Farm
22:03 Town Hall
23:53 Farm
» items
| Scroll of Regeneration | 1 | |
| Lesser Clarity Potion | 1 | |
| Mechanical Critter | 2 | |
4 total
C4ssius.Clay (
teal | 54 APM | 213 actions | 03:57)
1 Goblin Tinker
1 Pocket Factory
» actions
| Assign group hotkey | 5 | |
| Basic commands | 3 | |
| Build / train | 24 | |
| ESC pressed | 2 | |
| Enter build submenu | 5 | |
| Enter hero's abilities submenu | 1 | |
| Right click | 68 | |
| Select / deselect | 73 | |
| Select group hotkey | 22 | |
| Use ability | 10 | |
213 total
» units
» buildings
| Ancient of War | 1 | |
| Moon Well | 3 | |
| Altar of Elders | 1 | |
5 total
» build order
00:05 Ancient of War
00:11 Moon Well
01:02 Moon Well
01:29 Altar of Elders
02:46 Moon Well

»
PIESOFTHEWEST (
pink | 19 APM | 563 actions | 30:05)
1 Archmage
1 Blizzard
» actions
| Assign group hotkey | 1 | |
| Basic commands | 29 | |
| Build / train | 40 | |
| ESC pressed | 1 | |
| Enter build submenu | 32 | |
| Enter hero's abilities submenu | 1 | |
| Right click | 153 | |
| Select / deselect | 239 | |
| Select group hotkey | 4 | |
| Use ability | 63 | |
563 total
» units
» buildings
| Altar of Kings | 1 | |
| Farm | 3 | |
| Lumber Mill | 2 | |
| Scout Tower | 23 | |
| Guard Tower | 18 | |
| Arcane Tower | 2 | |
| Keep | 1 | |
50 total
» build order
01:59 Altar of Kings
02:11 Farm
02:24 Lumber Mill
02:39 Farm
03:31 Scout Tower
03:33 Scout Tower
04:19 Scout Tower
04:20 Scout Tower
04:22 Scout Tower
04:24 Guard Tower
04:24 Guard Tower
04:31 Scout Tower
04:53 Guard Tower
04:54 Guard Tower
04:57 Scout Tower
05:18 Guard Tower
05:18 Guard Tower
05:19 Scout Tower
05:20 Scout Tower
05:28 Scout Tower
06:11 Guard Tower
06:12 Guard Tower
06:12 Guard Tower
06:46 Scout Tower
06:47 Scout Tower
06:49 Scout Tower
07:14 Guard Tower
07:17 Arcane Tower
07:56 Scout Tower
07:57 Scout Tower
07:59 Scout Tower
08:03 Guard Tower
08:04 Scout Tower
08:06 Scout Tower
08:33 Guard Tower
08:33 Guard Tower
08:55 Guard Tower
08:55 Guard Tower
11:16 Scout Tower
11:17 Scout Tower
12:46 Scout Tower
13:26 Lumber Mill
13:29 Farm
13:31 Arcane Tower
13:35 Keep
14:31 Scout Tower
17:00 Guard Tower
17:05 Scout Tower
17:50 Guard Tower
Zerdel.x (
blue | 45 APM | 1200 actions | 26:34)
6 Mountain King
3 Storm Bolt
2 Bash
1 Avatar
3 Paladin
2 Holy Light
1 Divine Shield
» actions
| Build / train | 67 | |
| Enter build submenu | 34 | |
| Enter hero's abilities submenu | 10 | |
| Right click | 651 | |
| Select / deselect | 378 | |
| Use ability | 60 | |
1200 total
» units
| Peasant | 9 | |
| Footman | 6 | |
| Knight | 13 | |
| Siege Engine | 2 | |
| Hippogryph | 10 | |
| Chimaera | 2 | |
42 total
» upgrades
| Defend | 1 | |
| Gunpowder | 2 | |
| Plating | 2 | |
| Animal War Training | 1 | |
| Barrage | 1 | |
| Swords | 2 | |
| Corrosive Breath | 1 | |
10 total
» buildings
| Farm | 10 | |
| Barracks | 1 | |
| Altar of Kings | 2 | |
| Keep | 1 | |
| Blacksmith | 1 | |
| Lumber Mill | 1 | |
| Tree of Ages | 1 | |
| Moon Well | 6 | |
| Castle | 1 | |
| Workshop | 3 | |
| Tree of Eternity | 1 | |
| Ancient of Wind | 1 | |
| Chimaera Roost | 4 | |
| Arcane Vault | 1 | |
| Town Hall | 2 | |
36 total
» build order
00:24 Farm
00:37 Barracks
01:04 Altar of Kings
01:20 Farm
02:01 Farm
02:49 Farm
04:15 Keep
05:09 Blacksmith
05:11 Lumber Mill
05:50 Tree of Ages
05:52 Moon Well
06:58 Castle
08:51 Workshop
08:55 Workshop
09:38 Workshop
09:43 Farm
10:23 Tree of Eternity
10:26 Ancient of Wind
10:30 Moon Well
11:01 Moon Well
11:31 Farm
11:58 Moon Well
12:09 Farm
12:29 Farm
12:53 Chimaera Roost
12:57 Chimaera Roost
12:58 Chimaera Roost
13:01 Chimaera Roost
14:22 Farm
15:57 Moon Well
15:59 Moon Well
17:52 Arcane Vault
19:29 Town Hall
19:43 Farm
21:56 Town Hall
24:09 Altar of Kings
team 2 (winner)

»
hater282828 (
yellow | 24 APM | 709 actions | 30:05)
6 Keeper of the Grove
2 Force of Nature
2 Entangling Roots
1 Thorns Aura
1 Tranquility
» actions
| Assign group hotkey | 101 | |
| Build / train | 59 | |
| ESC pressed | 1 | |
| Enter build submenu | 20 | |
| Enter hero's abilities submenu | 6 | |
| Remove unit from queue | 1 | |
| Right click | 269 | |
| Select / deselect | 174 | |
| Select group hotkey | 25 | |
| Use ability | 53 | |
709 total
» units
| Wisp | 17 | |
| Druid of the Claw | 16 | |
33 total
» upgrades
| Druid of the Claw Training | 2 | |
| Strength of the Wild | 3 | |
| Reinforced Hides | 3 | |
| Mark of the Claw | 1 | |
| Ultravision | 1 | |
10 total
» buildings
| Moon Well | 11 | |
| Altar of Elders | 1 | |
| Tree of Ages | 2 | |
| Hunter's Hall | 1 | |
| Tree of Eternity | 1 | |
| Ancient of Lore | 3 | |
| Ancient of Wonders | 1 | |
| Tree of Life | 2 | |
22 total
» build order
00:12 Moon Well
00:16 Altar of Elders
02:13 Tree of Ages
02:21 Moon Well
03:20 Moon Well
04:10 Hunter's Hall
04:14 Moon Well
04:35 Tree of Eternity
05:11 Moon Well
05:17 Ancient of Lore
05:25 Ancient of Lore
05:38 Ancient of Lore
06:12 Moon Well
17:52 Ancient of Wonders
20:07 Tree of Life
23:32 Tree of Life
23:39 Moon Well
23:42 Moon Well
23:45 Moon Well
23:51 Moon Well
25:54 Moon Well
29:20 Tree of Ages
» items
| Potion of Mana | 2 | |
| Potion of Healing | 2 | |
| Orb of Venom | 1 | |
5 total

»
tomha (
purple | 34 APM | 1033 actions | 30:05)
7 Priestess of the Moon
3 Trueshot Aura
2 Searing Arrows
1 Scout
1 Starfall
4 Keeper of the Grove
2 Force of Nature
1 Entangling Roots
1 Thorns Aura
4 Demon Hunter
2 Immolation
1 Evasion
1 Mana Burn
» actions
| Assign group hotkey | 53 | |
| Build / train | 82 | |
| Enter build submenu | 23 | |
| Enter hero's abilities submenu | 15 | |
| Right click | 475 | |
| Select / deselect | 301 | |
| Select group hotkey | 40 | |
| Use ability | 44 | |
1033 total
» units
| Wisp | 16 | |
| Archer | 12 | |
| Chimaera | 6 | |
| Dryad | 15 | |
| Hippogryph | 2 | |
51 total
» upgrades
| Corrosive Breath | 1 | |
| Abolish Magic | 1 | |
| Improved Bows | 1 | |
| Marksmanship | 1 | |
| Strength of the Moon | 1 | |
| Strength of the Wild | 1 | |
| Ultravision | 1 | |
| Well Spring | 1 | |
| Reinforced Hides | 1 | |
| Moon Armor | 1 | |
| Hippogryph Taming | 1 | |
11 total
» buildings
| Moon Well | 8 | |
| Altar of Elders | 1 | |
| Ancient of War | 1 | |
| Hunter's Hall | 1 | |
| Tree of Ages | 1 | |
| Tree of Eternity | 1 | |
| Tree of Life | 2 | |
| Ancient of Wind | 1 | |
| Chimaera Roost | 3 | |
| Ancient of Lore | 2 | |
| Ancient of Wonders | 1 | |
22 total
» build order
00:21 Moon Well
00:35 Altar of Elders
01:15 Moon Well
01:30 Ancient of War
02:11 Hunter's Hall
02:21 Moon Well
04:01 Tree of Ages
05:14 Moon Well
06:55 Tree of Eternity
07:55 Tree of Life
08:15 Ancient of Wind
09:02 Moon Well
09:23 Chimaera Roost
09:26 Chimaera Roost
09:30 Chimaera Roost
10:03 Moon Well
12:20 Ancient of Lore
12:41 Moon Well
12:50 Ancient of Lore
13:53 Moon Well
23:57 Tree of Life
25:18 Ancient of Wonders

»
SpammingTowers (
green | 55 APM | 1640 actions | 30:05)
3 Paladin
1 Holy Light
1 Devotion Aura
1 Divine Shield
» actions
| Assign group hotkey | 105 | |
| Basic commands | 87 | |
| Build / train | 88 | |
| ESC pressed | 14 | |
| Enter build submenu | 83 | |
| Enter hero's abilities submenu | 3 | |
| Remove unit from queue | 1 | |
| Right click | 580 | |
| Select / deselect | 241 | |
| Select group hotkey | 266 | |
| Use ability | 172 | |
1640 total
» units
| Peasant | 21 | |
| Footman | 3 | |
| Siege Engine | 3 | |
27 total
» upgrades
| Masonry | 3 | |
| Lumber Harvesting | 2 | |
| Magic Sentry | 1 | |
| Gunpowder | 2 | |
| Plating | 2 | |
| Barrage | 1 | |
11 total
» buildings
| Altar of Kings | 1 | |
| Farm | 10 | |
| Barracks | 1 | |
| Scout Tower | 88 | |
| Arcane Tower | 3 | |
| Lumber Mill | 1 | |
| Guard Tower | 35 | |
| Arcane Vault | 4 | |
| Keep | 2 | |
| Arcane Sanctum | 1 | |
| Town Hall | 2 | |
| Castle | 1 | |
| Blacksmith | 2 | |
| Workshop | 7 | |
158 total
» build order
00:30 Altar of Kings
00:38 Farm
00:58 Barracks
01:09 Scout Tower
01:38 Farm
02:07 Arcane Tower
02:42 Lumber Mill
02:58 Scout Tower
02:59 Scout Tower
03:00 Scout Tower
03:00 Scout Tower
03:02 Scout Tower
04:06 Guard Tower
04:18 Scout Tower
04:19 Scout Tower
04:21 Scout Tower
04:34 Scout Tower
04:35 Scout Tower
04:44 Scout Tower
05:00 Scout Tower
05:03 Scout Tower
05:04 Scout Tower
05:14 Guard Tower
05:16 Scout Tower
05:16 Scout Tower
05:17 Scout Tower
05:20 Farm
05:28 Scout Tower
05:30 Guard Tower
05:35 Scout Tower
05:46 Scout Tower
05:57 Guard Tower
06:12 Scout Tower
06:13 Scout Tower
06:28 Scout Tower
06:28 Scout Tower
06:28 Scout Tower
06:46 Guard Tower
07:01 Guard Tower
07:11 Arcane Vault
07:25 Guard Tower
07:29 Scout Tower
07:46 Guard Tower
08:33 Guard Tower
08:43 Scout Tower
08:44 Scout Tower
09:01 Scout Tower
09:01 Scout Tower
09:06 Guard Tower
09:11 Guard Tower
09:13 Arcane Tower
09:23 Arcane Vault
09:26 Guard Tower
09:26 Guard Tower
09:37 Scout Tower
09:38 Scout Tower
10:01 Scout Tower
10:01 Scout Tower
10:19 Guard Tower
10:22 Scout Tower
10:22 Scout Tower
10:32 Guard Tower
10:36 Scout Tower
10:37 Scout Tower
11:29 Scout Tower
11:29 Scout Tower
11:30 Scout Tower
11:31 Scout Tower
11:32 Guard Tower
11:34 Keep
11:40 Scout Tower
12:09 Guard Tower
12:11 Guard Tower
12:13 Scout Tower
12:14 Scout Tower
12:28 Guard Tower
12:37 Scout Tower
12:37 Scout Tower
12:38 Scout Tower
12:42 Scout Tower
12:43 Scout Tower
12:43 Scout Tower
12:44 Scout Tower
12:50 Scout Tower
12:51 Scout Tower
12:53 Scout Tower
12:54 Guard Tower
13:21 Guard Tower
13:24 Scout Tower
13:24 Scout Tower
13:25 Scout Tower
13:26 Scout Tower
13:49 Guard Tower
14:14 Scout Tower
14:16 Guard Tower
14:21 Guard Tower
14:23 Arcane Tower
14:36 Scout Tower
15:13 Scout Tower
15:14 Scout Tower
15:15 Guard Tower
15:47 Arcane Sanctum
15:50 Guard Tower
15:59 Scout Tower
15:59 Scout Tower
16:31 Guard Tower
16:55 Town Hall
16:58 Scout Tower
16:59 Scout Tower
17:00 Scout Tower
17:01 Scout Tower
17:04 Guard Tower
17:06 Castle
17:29 Guard Tower
17:38 Scout Tower
17:38 Scout Tower
17:41 Scout Tower
17:42 Scout Tower
17:44 Guard Tower
17:53 Arcane Vault
17:59 Guard Tower
18:50 Scout Tower
18:50 Scout Tower
18:51 Guard Tower
18:55 Scout Tower
18:57 Scout Tower
18:57 Scout Tower
18:58 Scout Tower
19:00 Scout Tower
19:01 Scout Tower
19:01 Scout Tower
19:22 Guard Tower
21:18 Blacksmith
21:43 Town Hall
21:44 Scout Tower
21:44 Scout Tower
21:44 Scout Tower
21:46 Scout Tower
22:28 Scout Tower
22:34 Guard Tower
23:05 Guard Tower
23:15 Blacksmith
23:55 Workshop
23:56 Workshop
23:57 Workshop
24:34 Workshop
24:35 Workshop
24:57 Workshop
25:05 Keep
25:41 Workshop
27:01 Farm
27:02 Farm
27:02 Farm
27:13 Arcane Vault
27:18 Farm
27:18 Farm
27:18 Farm
» items
| Staff of Teleportation | 1 | |
| Scroll of Regeneration | 1 | |
| Lesser Clarity Potion | 2 | |
4 total

»
PIESOFTHEEAST (
red | 16 APM | 475 actions | 30:11)
3 Demon Hunter
2 Evasion
1 Mana Burn
2 Priestess of the Moon
1 Trueshot Aura
1 Searing Arrows
» actions
| Assign group hotkey | 15 | |
| Basic commands | 14 | |
| Build / train | 45 | |
| Enter build submenu | 9 | |
| Enter hero's abilities submenu | 6 | |
| Right click | 195 | |
| Select / deselect | 118 | |
| Select group hotkey | 56 | |
| Use ability | 17 | |
475 total
» units
| Wisp | 9 | |
| Archer | 1 | |
| Glaive Thrower | 19 | |
29 total
» upgrades
| Strength of the Moon | 3 | |
| Ultravision | 1 | |
| Vorpal Blades | 1 | |
| Well Spring | 1 | |
6 total
» buildings
| Altar of Elders | 1 | |
| Ancient of War | 2 | |
| Moon Well | 5 | |
| Hunter's Hall | 1 | |
| Tree of Ages | 1 | |
| Tree of Eternity | 1 | |
11 total
» build order
00:34 Altar of Elders
00:43 Ancient of War
01:27 Moon Well
04:13 Hunter's Hall
05:13 Moon Well
08:22 Tree of Ages
08:24 Moon Well
09:31 Moon Well
10:29 Moon Well
16:20 Ancient of War
16:26 Tree of Eternity
Chat log
(00:07 / Allies) SpammingTowers: you're playing 2 accounts?
(00:14 / Allies) PIESOFTHEEAST: yeah
(00:19 / Allies) PIESOFTHEEAST: tha'ts why it took so long for me to get going
(00:25 / Allies) SpammingTowers: doesnt that kind of... unbalance our fuck around strat
(00:38 / Allies) PIESOFTHEEAST: i thought this was the fuck around strat
(00:49 / Allies) SpammingTowers: uh
(00:54 / Allies) SpammingTowers: what is the fuck around strat again
(01:08 / Allies) PIESOFTHEEAST: fuck r u kdding me
(01:15 / Allies) PIESOFTHEEAST: my bros using default hotkeys on his c\omp
(01:16 / Allies) PIESOFTHEEAST: gah
(01:18 / Allies) PIESOFTHEEAST: pinks gonna play like shit
(01:40 / All) PIESOFTHEEAST: YOU HEAR ME PINK
(01:42 / All) PIESOFTHEEAST: YOU BLOW
(01:45 / Allies) SpammingTowers: so are we playing normally or fucking around
(01:47 / All) PIESOFTHEWEST: fuck u fagit
(01:52 / All) C4ssius.Clay: LOL
(01:54 / All) C4ssius.Clay: that's awesome
(02:02 / All) hater282828: pink is noob
(02:04 / Allies) PIESOFTHEEAST: pinks gonna tower prob
(02:05 / All) C4ssius.Clay: you guys are east/west as well
(02:27 / Allies) SpammingTowers: what race is he
(02:29 / Allies) PIESOFTHEEAST: hu
(02:37 / Allies) SpammingTowers: ok so want me to play legit or fuck around
(02:43 / Allies) PIESOFTHEEAST: fuk around
(02:48 / Allies) SpammingTowers: arite
(02:49 / Allies) SpammingTowers: massing towers then
(02:51 / Allies) hater282828: legit
(02:54 / Allies) hater282828: noobs
(02:56 / Allies) PIESOFTHEEAST: lol
(03:12 / Allies) hater282828: if your gonna tower do it here
(03:19 / Allies) PIESOFTHEEAST: ok
(03:23 / Allies) SpammingTowers: bit late to get there now
(03:31 / Allies) hater282828: then go legit
(03:48 / All) PIESOFTHEEAST: yeah and i'm pretty sure you're a noob teal
(03:49 / Allies) SpammingTowers: nah we were supposed to fuck around on opp teams but he decided to bring 2 characters
(04:01 / Allies) hater282828: lol
(04:04 / All) PIESOFTHEWEST: Shit
(04:34 / All) PIESOFTHEWEST: THESE HOTKEYS SUCK
(05:09 / Allies) SpammingTowers: lawl
(05:31 / Allies) PIESOFTHEEAST: se
(05:34 / Allies) PIESOFTHEEAST: fuck around strat still works
(05:43 / All) PIESOFTHEWEST: still dont see why teal would leave
(06:11 / Allies) tomha: ty
(07:02 / All) PIESOFTHEWEST: i doin't even know what's going on in this game
(07:50 / All) PIESOFTHEWEST: fudkin idiet red
(07:51 / All) PIESOFTHEWEST: Loses his dh
(07:54 / All) PIESOFTHEWEST: To peasant
(08:26 / Allies) SpammingTowers: stop making archers and make something that actually counters footies?
(08:37 / Allies) hater282828: bears pumping out
(09:37 / Allies) PIESOFTHEEAST: guess i'll go hack away at pinks towers
(09:54 / Allies) hater282828: commin green
(12:09 / All) PIESOFTHEWEST: well that blew
(12:15 / All) SpammingTowers: yup
(12:31 / Allies) PIESOFTHEEAST: we got this
(12:32 / Allies) PIESOFTHEEAST: !!!
(13:02 / Allies) SpammingTowers: lol no expansions on our side
(13:08 / Allies) PIESOFTHEEAST: or ine
(14:41 / All) PIESOFTHEWEST: uh
(14:45 / All) PIESOFTHEWEST: both my team mates went afk
(14:47 / All) PIESOFTHEWEST: About 15 minutes ago
(14:51 / All) SpammingTowers: lol what
(14:57 / All) PIESOFTHEWEST: THey haven't moved since hte battle at the top
(15:06 / All) PIESOFTHEWEST: ok blues back
(15:08 / All) PIESOFTHEWEST: ojs still out though
(17:29 / Allies) hater282828: ty
(19:12 / All) PIESOFTHEWEST: fuckf cuk im dead
(19:37 / Allies) SpammingTowers: lol what
(19:41 / Allies) SpammingTowers: suiciding your glaives
(20:13 / Allies) hater282828: we done
(20:24 / Allies) hater282828: u guys have shit
(20:33 / All) PIESOFTHEWEST: This game sponsored by Rick Perry 2012!
(20:47 / All) SpammingTowers: STOP KOTICK 2012
(20:51 / Allies) SpammingTowers: pies
(20:55 / All) PIESOFTHEWEST: Yo
(20:56 / Allies) SpammingTowers: you're going to have to even this game back up
(21:00 / Allies) SpammingTowers: kill enemy units using those towers
(21:00 / All) PIESOFTHEWEST: in what way
(21:07 / All) PIESOFTHEWEST: I haven't been paying any attentionto what's been happening
(21:21 / All) PIESOFTHEWEST: UR KILLING US THOUGH
(21:24 / All) PIESOFTHEWEST: and i have nothing to bs with
(21:27 / All) PIESOFTHEWEST: if that's what oyu mean
(22:41 / Allies) PIESOFTHEEAST: pinksdead
(24:09 / Allies) SpammingTowers: you boys can tp here when you're ready
(24:15 / Allies) PIESOFTHEEAST: oh sweet llo
(24:48 / Allies) PIESOFTHEEAST: tp to greens expo
(25:31 / Allies) SpammingTowers: bearz
(25:50 / All) PIESOFTHEWEST: Orange still isn't back yet
(25:56 / All) SpammingTowers: lol seriously?
(26:02 / All) PIESOFTHEWEST: Wait
(26:05 / All) PIESOFTHEWEST: He said something at some point
(26:06 / All) PIESOFTHEWEST: And sent tanks
(26:09 / All) PIESOFTHEWEST: Ok maybe he came back
(26:15 / All) PIESOFTHEWEST: But since that attack i don't think he's done anything
(26:33 / All) Bravekd: lol pink
(26:39 / All) PIESOFTHEWEST: what
(26:49 / All) PIESOFTHEEAST: ok
(26:55 / All) PIESOFTHEEAST: sooo
(26:57 / All) PIESOFTHEEAST: whatnow
(26:58 / All) SpammingTowers: he is jealous of pinks awesomeness
(27:03 / All) PIESOFTHEEAST: yeah
(27:37 / All) PIESOFTHEEAST: we doin another or d2 or wat
(27:51 / All) SpammingTowers: cbf with d2 if you arent willing to use my enchant
(28:00 / All) PIESOFTHEEAST: i'd be ok with it
(28:02 / All) PIESOFTHEEAST: tbh
(28:03 / All) SpammingTowers: already levelled a sorc the hard way cbf levelling another
(28:26 / All) PIESOFTHEEAST: it wasn't anything against it I just thought it would get tedious for you relogging every so often
(29:08 / All) SpammingTowers: lol at him continuing to make chims against dryads
(29:17 / All) PIESOFTHEEAST: I don't think it matters at this point
(29:18 / All) SpammingTowers: at least attack the glaives or bears with them
(29:33 / All) PIESOFTHEWEST: i don't think he's making them
(29:37 / All) PIESOFTHEWEST: he was the first persont o leave lol
(29:41 / All) SpammingTowers: Ah
(29:43 / All) SpammingTowers: true
(30:01 / All) hater282828: where is this noob
(30:02 / All) PIESOFTHEEAST: So what then